 Dungeon Crawl Stone Soup version 0.31.0-32-g396128a36d (webtiles) character file.

Game seed: 18096947488881396047

20 spaghetti the Caller (level 2, -1/22 HPs)
             Began as a Naga Summoner on Mar 13, 2024.
             Slain by Robin
             ... wielding a +0 trident
              (3 damage)
             ... on level 2 of the Dungeon.
             The game lasted 00:00:59 (338 turns).

spaghetti the Caller (Naga Summoner)                 Turns: 338, Time: 00:01:00

Health: -1/22      AC:  1    Str: 10    XL:     2   Next: 79%
Magic:  1/6        EV:  9    Int: 15    God:
Gold:   9          SH:  0    Dex: 11    Spells: 4/7 levels left

rFire   . . .        (no weapon)
rCold   . . .        (no shield)
rNeg    . . .        a - +0 robe
rPois   +            (no helmet)
rElec   .            (no cloak)
rCorr   .            (no gloves)
SInv    +            (no barding)
Will    .....        (no amulet)
Stlth   ++           (no ring)
HPRegen 0.23/turn    (no ring)
MPRegen 0.10/turn

%: no passive effects
@: short of breath, very slow
A: AC +0, large, see invisible, deformed body, poison resistance, slowness 2,
spit poison 1, naga tail 1
a: Spit Poison


You were on level 2 of the Dungeon.
You visited 1 branch of the dungeon, and saw 2 of its levels.

You collected 9 gold pieces.

Inventory:

Armour
 a - a +0 robe (worn)
Scrolls
 c - a scroll of amnesia {unknown}
 d - a scroll of vulnerability {unknown}
Potions
 b - a potion of magic


   Skills:
 - Level 1.5 Dodging
 - Level 3.0 Stealth
 + Level 3.1 Spellcasting
 - Level 4.0 Summonings


You had 4 spell levels left.
You knew the following spells:

 Your Spells              Type           Power      Damage    Failure   Level
a - Summon Small Mammal   Summ           56%        N/A       3%          1
b - Call Imp              Summ           28%        N/A       6%          2

Your spell library contained the following spells:

 Spells                   Type           Power      Damage    Failure   Level
 Call Canine Familiar     Summ           14%        N/A       12%         3
 Summon Blazeheart Golem  Fire/Summ      8%         N/A       65%         4
 Summon Lightning Spire   Summ/Air       8%         N/A       65%         4


Dungeon Overview and Level Annotations

Branches:
Dungeon (1/15)

Altars:

Annotations:
D:2 Robin


Innate Abilities, Weirdness & Mutations

Your serpentine skin is tough. (AC +0)
You have supernaturally acute eyesight. (SInv)
Armour fits poorly on your strangely shaped body.
Your system is resistant to poisons. (rPois)
You cover ground very slowly.
You can spit poison.
You have a snake-like lower body.


Message History

Casting: Summon Small Mammal (safe; 3% risk of failure)
Confirm with . or Enter, or press ? or * to list all spells.
You don't know that spell.
Casting: Summon Small Mammal (safe; 3% risk of failure)
Confirm with . or Enter, or press ? or * to list all spells.
Casting: Summon Small Mammal (safe; 3% risk of failure)
Confirm with . or Enter, or press ? or * to list all spells.
Robin barely misses your quokka.
You start memorising the spell.
You continue memorising.
Your quokka bites Robin.
Robin barely misses your quokka.
You continue memorising.
Your quokka bites Robin.
Robin hits your quokka with a +0 trident.
You finish memorising.
Spell assigned to 'b'.
Casting: Summon Small Mammal (safe; 3% risk of failure)
Confirm with . or Enter, or press ? or * to list all spells.
A tiny devil pulls itself out of the air.
Your quokka bites Robin.
Robin hits your quokka with a +0 trident.
Your quokka dies!
Your quokka's corpse disappears in a puff of smoke!
A goblin comes into view. It is wielding a +0 club.
Casting: Call Imp (safe; 6% risk of failure)
Confirm with . or Enter, or press ? or * to list all spells.
Your cerulean imp hits Robin but does no damage.
Aiming: Spit Poison (2% risk of failure)
Press: ? - help, Shift-Dir - straight line, f - Robin
Aim: Robin, wielding a +0 trident, wearing a +0 animal skin and wearing a +0 helmet (heavily wounded, ally target, 70% to hit)
The splash of poison hits your cerulean imp.
Your cerulean imp is poisoned.
Your cerulean imp is lightly wounded.
Your cerulean imp disappears in a puff of smoke!
Your bat closely misses Robin.
Robin hits you from afar with a +0 trident!
* * * LOW HITPOINT WARNING * * *
You swap places.
Your bat hits Robin but does no damage. Robin attacks as they pursue you!
Robin hits you from afar with a +0 trident.
You die...
Robin calls out, "Let's celebrate!
Time for a feast!"

..
#......##.######.##
.# .
#......##.........#
#......##...†.....#
#......##.........#
#......##..(......#
#.................#
...##+#.###........#
+..).............
##.#@#########.#.
#.#r########
..##..g.)......
.....g...)..####
.....g#b....#
......#...(.....
......#.###.###.
#+#.. #.# ... #..
#.# .##


You could see Robin (ally target), 2 goblins, a friendly bat (summoned) and a
friendly rat (summoned).

Vanquished Creatures
  A dart slug (D:2)
  An endoplasm (D:2)
  4 hobgoblins (D:2)
  2 frilled lizards (D:2)
  5 goblins (D:2)
  A kobold (D:2)
14 creatures vanquished.

Vanquished Creatures (collateral kills)
  A bat (D:1)
  A goblin (D:2)
2 creatures vanquished.

Grand Total: 16 creatures vanquished

Notes
Turn   | Place    | Note
-------+----------+-------------------------------------------
     0 | D:1      | spaghetti the Naga Summoner began the quest for the Orb.
     0 | D:1      | Reached XP level 1. HP: 15/15 MP: 3/3
    87 | D:1      | You fall into a shaft and drop 1 floor!
   208 | D:2      | Reached XP level 2. HP: 15/22 MP: 3/5
   292 | D:2      | HP: 1/22 [hobgoblin[Robin] (5)]
   328 | D:2      | Noticed Robin
   335 | D:2      | Learned a level 2 spell: Call Imp
   337 | D:2      | HP: 1/22 [Robin/+0 trident (9)]
   338 | D:2      | Slain by Robin

Illustrated notes

Levels and vault maps discovered:
D:1:      roderic_octagonal_star, layout_loops_ring
D:2:      layout_basic, serial_shops, nicolae_shop_tiny_glass,
          wander_ebering_terrifying_dragon_lair, uniq_natasha, uniq_robin

Skill      XL: |  1  2 |
---------------+-------+-----
Spellcasting   | 3 |  3.1
Dodging        | |  1.5
Stealth        | |  3.0
Summonings     | |  4.0

Action                     || total
---------------------------++-------
  Melee: Unarmed           ||    39
         Punch             ||     2
   Cast: Summon Small Mamm ||    11
         Call Imp          ||     1
Ability: Spit Poison       ||     7
    Use: Potion            ||     1
   Stab: Distracted        ||     1
 Armour: Robe              ||    27
         Skin              ||    20
  Dodge: Dodged            ||    23
